 Dungeon Crawl Stone Soup version 0.24.0-10-g970556be89 (webtiles) character file.

Game seed: 10825054239781751187, levelgen mode: deterministic

24959 Masnef the Fighter (level 13, -3/210 HPs)
             Began as an Ogre Wizard on Nov 4, 2019.
             Was an Elder of Vehumet.
             Slain by a death yak (4 damage)
             ... on level 3 of the Lair of Beasts.
             The game lasted 01:23:59 (24877 turns).

Masnef the Fighter (Ogre Wizard)                   Turns: 24877, Time: 01:24:00

Health: -3/210     AC: 26    Str: 19    XL:     13   Next: 16%
Magic:  20/20      EV:  1    Int: 23    God:    Vehumet [****..]
Gold:   558        SH:  0    Dex:  7    Spells: 5/22 levels left

rFire    + . .     SeeInvis .   z - +2 whip (venom)
rCold    . . .     Gourm    .   (no shield)
rNeg     + + +     Faith    .   (armour currently unavailable)
rPois    +         Spirit   .   (helmet currently unavailable)
rElec    .         Reflect  .   (cloak currently unavailable)
rCorr    .         Harm     .   (gloves unavailable)
MR       +....     NoTele   +   (boots unavailable)
Stlth    +.........             (no amulet)
HPRegen  0.45/turn              p - +3 ring of evasion
MPRegen  0.17/turn              Q - ring of protection from fire

@: mighty, tree-form (expiring), very slightly contaminated
A: large, unfitting armour
a: Renounce Religion


You were on level 3 of the Lair of Beasts.
You worshipped Vehumet.
Vehumet was greatly pleased with you.
You were not hungry.
You were a tree.
You visited 3 branches of the dungeon, and saw 16 of its levels.

You collected 558 gold pieces.

Inventory:

Hand Weapons
 k - a +0 giant spiked club
 s - a +1 whip of electrocution
 u - a +0 whip of freezing
 z - a +2 whip of venom (weapon)
 U - a +0 giant spiked club
 V - a +2 dagger of venom
 Y - a +2 dire flail of protection
Missiles
 e - 3 javelins
 f - 282 arrows
 o - 66 poisoned darts (quivered)
 G - 3 throwing nets
 Z - 9 large rocks
Armour
 a - a +0 robe (melded)
 b - a +0 hat (melded)
 F - a +0 cloak (melded)
Jewellery
 h - an uncursed amulet of inaccuracy
 p - a +3 ring of evasion (left branch)
 w - an uncursed ring of protection from magic
 P - an uncursed ring of positive energy
 Q - a ring of protection from fire (right branch)
 S - an uncursed ring of protection from magic
Wands
 H - a wand of acid (4)
 K - a wand of random effects (17)
 N - a wand of iceblast (22)
 R - a wand of flame (7)
 T - a wand of polymorph (8)
Scrolls
 j - 6 scrolls of remove curse
 t - 3 scrolls of identify
 v - 2 scrolls of blinking
 y - a scroll of random uselessness {unknown}
 B - a scroll of teleportation
 C - 2 scrolls of magic mapping
 D - 3 scrolls of amnesia
 L - 2 scrolls of noise
 M - a scroll of enchant armour
 W - a scroll of enchant weapon
Potions
 c - 7 potions of lignification
 i - 6 potions of degeneration
 n - 5 potions of flight
 r - 2 potions of curing
 x - 2 potions of haste
 E - a potion of brilliance
 I - 2 potions of mutation
 O - 3 potions of agility
 X - a potion of magic
Comestibles
 d - 31 rations


   Skills:
 * Level 12.0 Fighting
 * Level 10.8 Maces & Flails
 - Level 4.0 Throwing
 * Level 8.6 Dodging
 - Level 1.4 Stealth
 - Level 5.0 Spellcasting
 - Level 9.0 Conjurations
 - Level 1.0 Summonings
 - Level 1.0 Translocations
 - Level 1.8 Fire Magic
 - Level 6.0 Air Magic
 - Level 1.0 Poison Magic


You had 5 spell levels left.
You knew the following spells:

 Your Spells              Type           Power        Failure   Level  Hunger
a - Magic Dart            Conj           ####         1%          1    None
b - Blink                 Tloc           N/A          10%         2    None
c - Call Imp              Summ           ##......     10%         2    None
d - Mephitic Cloud        Conj/Pois/Air  ####....     1%          3    ##.....
e - Searing Ray           Conj           #####.       1%          2    None
f - Ignite Poison         Fire/Tmut/Pois ##......     5%          3    ##.....
g - Airstrike             Air            ####......   2%          4    ####...

Your spell library contained the following spells:

 Spells                   Type           Power        Failure   Level  Hunger
 Lightning Bolt           Conj/Air       #####.....   3%          5    #####..
 Conjure Flame            Conj/Fire      ####....     1%          3    ##.....
 Slow                     Hex            #.......     14%         2    None


Dungeon Overview and Level Annotations

Branches:
Dungeon (12/15)            Temple (1/1) D:4            Lair (3/6) D:8
  Swamp (0/4) Lair:2          Orc (0/2) D:10
  Snake: Lair:2-4    Spider: Lair:2-4

Altars:
Ashenzari
Cheibriados
Dithmenos
Elyvilon
Fedhas
Gozag
Hepliaklqana
Kikubaaqudgha
Makhleb
Nemelex Xobeh
Okawaru
Qazlal
Ru
Sif Muna
Trog
Uskayaw
Vehumet
Wu Jian
Xom
Yredelemnul
Zin
The Shining One

Shops:
D:5 :=   D:9 (

Annotations:
D:3 phantom
D:8 1 runed translucent door_demon
Lair:1 1 runed translucent door, exclusion: oklob plant, pantherbaby's ghost, novice HOFi


Innate Abilities, Weirdness & Mutations

You are too large for most types of armour.
((You have tough skin. (AC +1)))


Message History

Your Fighting skill increases to level 12!
The death yak gores you but does no damage. x2
The blink frog blinks!
The death yak gores you.
* * * LOW HITPOINT WARNING * * *
Unknown command.
Unknown command.
You feel better.
The porcupine twitches its whiskers.
The blink frog blinks!
The death yak gores you but does no damage.
The death yak gores you!
* * * LOW HITPOINT WARNING * * *
The death yak gores you!
* * * LOW HITPOINT WARNING * * *
Unknown command.
You feel better.
The blink frog blinks!
The death yak gores you!
* * * LOW HITPOINT WARNING * * *
The death yak gores you but does no damage.
The blink frog blinks!
The death yak gores you.
You die...

.. ..... ..... ### ....
.§..## ..... #..
.....##..#.##..... ...
..§.s............. )..
.............r.... ...
.................. ...
.........F........ ##
.......§YY%.........#
#.
#......rY♣†.....k...##
##
#.......#######......#.
#
#....###.######........
## #...
.#......##......# .#.
#.% #........#.....#
..#.
##.............##..##
#.......P......... #
#..+.+##.......#####
#.#.#.##.......#.##.


You could see 3 death yaks, a blink frog, a rime drake, a scorpion and 2
porcupines.

Vanquished Creatures
  2 hydras (Lair:3)
  The ghost of Haraddelas the Transmogrifier, a journeyman OpTm of Okawaru (Lair:2)
  A two-headed ogre (D:9)
  3 death yaks (Lair:3)
  Urug (Lair:2)
  Sonja (Lair:2)
  Pikel (D:5)
  An ugly thing (D:11)
  2 cyclopes (D:11)
  A gargoyle (D:11)
  5 spiny frogs
  2 kobold demonologists (D:8)
  A komodo dragon (Lair:1)
  A troll (D:9)
  A hornet (D:10)
  2 bog bodies (Lair:2)
  7 blink frogs
  4 hippogriffs
  28 yaks
  A basilisk (Lair:3)
  A wyvern (Lair:3)
  4 hungry ghosts (D:11)
  Grum (D:11)
  6 porcupines
  3 water moccasins
  2 ice beasts
  5 sky beasts
  4 phantoms
  6 orc warriors
  2 black bears (Lair:2)
  A necrophage (D:9)
  7 ogres
  2 eyes of draining
  7 wolves
  6 centaurs
  3 crocodiles
  3 big kobolds
  2 gnoll sergeants
  9 bullfrogs
  A wyvern zombie (D:11)
  A wyvern skeleton (D:9)
  2 scorpions
  4 howler monkeys
  5 crimson imps
  2 bullfrog zombies
  3 jellies
  2 centaur zombies
  10 hounds
  8 orc wizards
  4 orc priests
  2 gnoll shamans
  3 iguanas
  11 worker ants
  A worker ant zombie (D:6)
  17 gnolls
  A howler monkey skeleton (D:4)
  10 adders
  A shadow imp (D:6)
  2 oozes (D:3)
  An adder skeleton (D:5)
  An adder zombie (D:9)
  5 worms
  7 leopard geckos
  29 orcs
  5 giant cockroaches
  7 goblins
  7 hobgoblins
  10 jackals
  3 quokkas
  2 ball pythons
  A bat (D:2)
  4 frilled lizards
  A giant cockroach zombie (D:5)
  A jackal skeleton (D:4)
  21 kobolds
  A quokka skeleton (D:9)
  A quokka zombie (D:7)
  11 rats
  4 fungi (Lair:2)
352 creatures vanquished.

Vanquished Creatures (collateral kills)
  A cyclops (D:10)
  An ogre (D:4)
  A scorpion (D:6)
  A howler monkey (D:11)
  An orc priest (D:3)
  8 gnolls
  An adder (D:6)
  A leopard gecko (D:5)
  A quokka (D:4)
16 creatures vanquished.

Vanquished Creatures (others)
  3 slaves (D:5)
  A centaur (D:5)
  A hound (D:5)
  A jelly (D:5)
  An iguana (D:5)
  A worker ant (D:5)
  3 gnolls (D:5)
  2 orcs (D:5)
  A jackal (D:5)
  A bush (Lair:3)
  12 fungi
  8 plants
35 creatures vanquished.

Grand Total: 403 creatures vanquished

Notes
Turn   | Place    | Note
-------+----------+-------------------------------------------
     0 | D:1      | Masnef the Ogre Wizard began the quest for the Orb.
     0 | D:1      | Reached XP level 1. HP: 16/16 MP: 5/5
    24 | D:1      | Reached skill level 1 in Conjurations
   134 | D:1      | Reached XP level 2. HP: 14/26 MP: 6/6
   276 | D:1      | Learned a level 2 spell: Blink
   309 | D:1      | Reached skill level 1 in Fighting
  1159 | D:2      | Found a hide-covered altar of Uskayaw.
  1275 | D:2      | Reached skill level 2 in Fighting
  1275 | D:2      | Reached skill level 1 in Maces & Flails
  1275 | D:2      | Reached XP level 3. HP: 19/35 MP: 0/8
  1628 | D:2      | Found a shimmering altar of Xom.
  2083 | D:2      | Reached XP level 4. HP: 42/44 MP: 1/9
  2101 | D:2      | Learned a level 2 spell: Call Imp
  2105 | D:2      | Learned a level 3 spell: Mephitic Cloud
  2428 | D:2      | Reached skill level 1 in Summonings
  2908 | D:3      | Reached skill level 3 in Fighting
  3169 | D:3      | Noticed a phantom
  3956 | D:3      | Found an opulent altar of Gozag.
  4051 | D:3      | Reached XP level 5. HP: 53/53 MP: 10/10
  4170 | D:3      | Reached skill level 1 in Translocations
  4637 | D:3      | You fall into a shaft and drop 3 floors!
  4646 | D:6      | Reached skill level 1 in Throwing
  4696 | D:6      | Noticed a water moccasin
  4736 | D:6      | Reached skill level 1 in Air Magic
  4736 | D:6      | Reached skill level 1 in Poison Magic
  4739 | D:6      | Reached XP level 6. HP: 40/61 MP: 8/12
  5034 | D:6      | Found a glowing drain.
  5038 | D:6      | Noticed an orc warrior
  5054 | D:5      | Entered Level 5 of the Dungeon
  5058 | D:5      | Noticed a slave
  5065 | D:5      | Noticed Pikel
  5065 | D:5      | Noticed a slave
  5078 | D:5      | Killed Pikel
  5078 | D:5      | Reached skill level 5 in Fighting
  5078 | D:5      | Reached XP level 7. HP: 45/72 MP: 13/13
  5131 | D:5      | Reached XP level 8. HP: 20/81 MP: 14/14
  5470 | D:5      | Reached skill level 5 in Maces & Flails
  5781 | D:4      | Found a staircase to the Ecumenical Temple.
  5787 | Temple   | Entered the Ecumenical Temple
  5795 | Temple   | Reached skill level 6 in Fighting
  6017 | Temple   | Became a worshipper of Vehumet
  7087 | D:5      | Reached * piety under Vehumet
  7087 | D:5      | Offered knowledge of Flame Tongue by Vehumet.
  7107 | D:5      | Found a blossoming altar of Fedhas.
  7365 | D:5      | Found Agymet's Jewellery Emporium.
  7466 | D:5      | Reached skill level 7 in Fighting
  7478 | D:5      | Reached XP level 9. HP: 67/93 MP: 5/15
  7598 | D:5      | Reached skill level 5 in Conjurations
  7899 | D:5      | Found a stormy altar of Qazlal.
  8023 | D:5      | Found Tuxuekk's Book Emporium.
  8090 | D:5      | Found a white marble altar of Elyvilon.
  8894 | D:6      | Reached ** piety under Vehumet
  8916 | D:6      | Offered knowledge of Searing Ray by Vehumet.
  8928 | D:6      | Learned a level 2 spell: Searing Ray
  9016 | D:6      | Found a glowing golden altar of the Shining One.
  9663 | D:7      | Reached skill level 8 in Fighting
  9876 | D:7      | Found an ancient bone altar of Kikubaaqudgha.
 10740 | D:8      | Noticed a kobold demonologist
 10740 | D:8      | Noticed a kobold demonologist
 10748 | D:8      | Noticed a smoke demon
 10970 | D:8      | Offered knowledge of Ignite Poison by Vehumet.
 11022 | D:8      | Learned a level 3 spell: Ignite Poison
 11112 | D:8      | Reached XP level 10. HP: 98/105 MP: 8/16
 11505 | D:8      | Found a glowing silver altar of Zin.
 11550 | D:8      | Reached skill level 1 in Fire Magic
 11797 | D:8      | Reached *** piety under Vehumet
 11831 | D:8      | Noticed a sixfirhy
 12195 | D:8      | Killed a kobold demonologist
 12198 | D:8      | Killed a kobold demonologist
 12309 | D:8      | Found a runed translucent door.
 12309 | D:8      | Noticed a sixfirhy
 12444 | D:8      | Noticed a moth of wrath
 12447 | D:8      | Found a bloodstained altar of Trog.
 12632 | D:8      | Found a staircase to the Lair.
 13098 | D:9      | Found a shattered altar of Ashenzari.
 13133 | D:9      | Found Littiuk's Antique Weapon Shop.
 13169 | D:9      | Offered knowledge of Airstrike by Vehumet.
 13192 | D:9      | Learned a level 4 spell: Airstrike
 13373 | D:9      | Reached skill level 5 in Dodging
 13646 | D:9      | Reached skill level 9 in Fighting
 14182 | D:9      | Noticed a two-headed ogre
 14331 | D:9      | Killed a two-headed ogre
 14520 | D:9      | Found a shimmering blue altar of Sif Muna.
 14572 | D:9      | Reached **** piety under Vehumet
 14611 | D:10     | Entered Level 10 of the Dungeon
 14615 | D:10     | Noticed a cyclops
 14623 | D:10     | Killed a cyclops
 14623 | D:10     | Reached XP level 11. HP: 67/115 MP: 6/17
 15032 | D:10     | Paralysed by a hornet for 1 turns
 15397 | D:10     | Found a staircase to the Orcish Mines.
 16888 | D:11     | Noticed a red ugly thing
 16946 | D:11     | Killed a red ugly thing
 16946 | D:11     | Offered knowledge of Lightning Bolt by Vehumet.
 17322 | D:11     | Noticed Grum
 18136 | D:11     | Noticed a cyclops
 18379 | D:11     | Killed a cyclops
 18504 | D:11     | Noticed a cyclops
 18531 | D:11     | Killed a cyclops
 18945 | D:11     | Killed Grum
 19404 | D:12     | Reached skill level 10 in Fighting
 19819 | Lair:1   | Entered Level 1 of the Lair of Beasts
 20174 | D:8      | Reached XP level 12. HP: 92/126 MP: 16/18
 20543 | Lair:1   | Reached skill level 5 in Air Magic
 21227 | Lair:1   | Found a runed translucent door.
 21227 | Lair:1   | Noticed pantherbaby's ghost (novice HOFi)
 21227 | Lair:1   | Identified the +6 spear of Annihilation {freeze, Dex+5
                  | SInv}
 21695 | Lair:2   | Noticed Urug
 22129 | Lair:2   | Noticed Sonja
 22201 | Lair:2   | Killed Sonja
 22201 | Lair:2   | Reached skill level 10 in Maces & Flails
 22684 | Lair:2   | Killed Urug
 22862 | Lair:2   | Reached skill level 11 in Fighting
 22862 | Lair:2   | Reached skill level 5 in Spellcasting
 23032 | Lair:2   | Found a staircase to the Swamp.
 23599 | Lair:2   | Found a runed translucent door.
 23633 | Lair:2   | Noticed Haraddelas's ghost (journeyman OpTm)
 23820 | Lair:2   | Killed Haraddelas's ghost
 24130 | Lair:3   | Noticed a six-headed hydra
 24138 | Lair:3   | Killed a six-headed hydra
 24544 | Lair:3   | Noticed a seven-headed hydra
 24552 | Lair:3   | Killed a seven-headed hydra
 24557 | Lair:3   | Reached XP level 13. HP: 71/137 MP: 5/20
 24875 | Lair:3   | Reached skill level 12 in Fighting
 24876 | Lair:3   | HP: 7/210 [death yak (8)]
 24877 | Lair:3   | HP: 1/210 [death yak (17)]
 24877 | Lair:3   | Slain by a death yak

Levels and vault maps discovered:
D:1:      dpeg_arrival_simpleton_b, layout_rooms, chequers_decorated_corner
D:2:      layout_basic, lemuel_round_altar, eat_drink_and_be_merry_uskayaw
D:3:      layout_loops_corners, first_ration,
          nicolae_gozag_cash_rules_everything_around_me
D:4:      layout_cave_pools, minmay_temple_entry_purple_smoke,
          eino_tiny_chamber, kennysheep_generic_room_13
D:5:      layout_cave_pools, grunt_temple_overflow_forces_of_nature,
          elyvilon_altar_5, serial_gnoll_camp, gnoll_camp_medium_02,
          gnoll_camp_mini_shop, gnoll_camp_mini_loothouse, gnoll_camp_mini_shop,
          uniq_pikel
D:6:      layout_loops_ring, cheibrodos_sewer_entry_sluice, grunt_ministairs_8,
          minmay_holes, corexii_shack, tso_altar
D:7:      layout_loops_cross, kennysheep_mini_moat
D:8:      cheibrodos_shockbox, layout_cave_pods, tgw_trog, zin_statuary,
          lair_entry_dummy, blue_anna_alchemist [blue_anna_fruit_fields,
          blue_anna_fruit_fields], minmay_misc_feat_alley, roderic_lattice_a
D:9:      layout_loops_ring, lemuel_doored_altar, overflow_temple_1_default,
          serial_shops, shop
D:10:     layout_grid_maze, david_orc_3
D:11:     layout_basic, uniq_grum
D:12:     layout_cave_pools, minmay_misc_feat_chi,
          minmay_checkered_concentric_circles
Temple:   minmay_freezing_vapour_temple
Lair:1:   layout_gridlike, ebering_ghost_funeral_grove,
          minmay_lair_oklob_bushes, grunt_megastairs_1, lemuel_fruit_tree
Lair:2:   layout_loops_ring, skrybe_swamp_entry_bodies,
          ebering_ghost_reflecting_pool, uniq_sonja, uniq_urug
Lair:3:   layout_regular_city, fungi_pond_lemuel, beast_lair_carwin_6

Skill      XL: |  1  2  3  4  5  6  7  8  9 10 11 12 13 |
---------------+----------------------------------------+-----
Conjurations   | 1 2 3 4 6 7 8 9 |  9.0
Fighting       | 2 3 5 7 8 9 10 11 12 | 12.0
Maces & Flails | 1 2 4 6 7 8 9 10 | 10.8
Summonings     | 1 |  1.0
Spellcasting   | 4 5 |  5.0
Translocations | 1 |  1.0
Throwing       | 1 2 4 |  4.0
Air Magic      | 1 2 4 6 |  6.0
Poison Magic   | 1 |  1.0
Dodging        | 4 5 6 8 |  8.6
Fire Magic     | 1 |  1.8
Stealth        | |  1.4

Action                   |  1- 3 |  4- 6 |  7- 9 | 10-12 | 13-15 || total
-------------------------+-------+-------+-------+-------+-------++-------
Melee: Mace              |    44 |       |       |       |       ||    44
       Dagger            |    25 |       |       |       |       ||    25
       Flail             |     7 |   134 |       |       |       ||   141
       Whip              |       |    43 |   401 |   564 |    29 ||  1037
       Giant spiked club |       |       |       |     5 |       ||     5
       Dire flail        |       |       |       |     1 |       ||     1
Throw: Dart              |       |       |       |     2 |       ||     2
 Cast: Magic Dart        |    49 |    35 |    10 |     4 |       ||    98
       Call Imp          |       |    12 |    37 |    23 |       ||    72
       Mephitic Cloud    |       |     1 |    20 |   122 |     1 ||   144
       Searing Ray       |       |       |    18 |    12 |       ||    30
       Ignite Poison     |       |       |     1 |    88 |     5 ||    94
       Blink             |       |       |       |    11 |       ||    11
       Airstrike         |       |       |       |    10 |       ||    10
Evoke: Wand              |       |       |       |     4 |       ||     4
  Use: Scroll            |     4 |     3 |     9 |     3 |     1 ||    20
       Potion            |       |     1 |     4 |     5 |     8 ||    18
 Stab: Sleeping          |       |     2 |       |       |       ||     2
       Confused          |       |       |     4 |    13 |       ||    17
  Eat: Ration            |     1 |     1 |       |     4 |       ||     6
       Chunk             |       |     6 |    22 |    43 |     2 ||    73
Armor: Robe              |    26 |    36 |    49 |    44 |       ||   155
       Skin              |       |       |       |     7 |    81 ||    88
Dodge: Dodged            |    56 |   119 |   274 |   274 |    12 ||   735
